Map: [ESL] Moondance

Players

ShoWTimE - Winner!

  • Race: Protoss Protoss
  • Spawn Location: 12:00

SKillous

  • Race: Protoss Protoss
  • Spawn Location: 6:00

Event: DreamHack SC2 Masters 2022 Atlanta (Online)

VOD

Have the link to the VOD?

Description

Time

  • Played on: Oct. 15, 2022, 10:46 a.m.
  • Length: 5:55

All games in this series

Show
View Real Time Build Order
Export as new Build Order

ShoWTimE Protoss - Winner!

Build Orders: Oracle Opening 

Get SALT Encoding   

  12  0:00  Probe  
  13  0:12  Probe  
  14  0:17  Pylon  
  14  0:24  Probe (Chrono Boost)  
  15  0:36  Gateway, Probe (Chrono Boost)  
  16  0:45  Probe (Chrono Boost)  
  16  0:46  Assimilator  
  17  0:51  Probe  
  18  1:03  Probe (Chrono Boost)  
  19  1:04  Assimilator  
  19  1:08  Gateway  
  19  1:14  Probe (Chrono Boost)  
  20  1:19  Probe (Chrono Boost)  
  20  1:24  Cybernetics Core  
  21  1:29  Probe  
  22  1:35  Pylon  
  22  1:41  Probe  
  23  1:53  Probe  
  24  2:00  Adept  
  24  2:01  Adept, Warp Gate  
  28  2:05  Probe  
  29  2:10  Pylon  
  29  2:25  Stargate  
  29  2:30  Adept x2  
  33  2:40  Probe  
  33  2:42  Pylon  
  34  2:50  Shield Battery  
  34  2:52  Probe  
  35  3:04  Probe  
  36  3:06  Oracle (Chrono Boost)  
  39  3:16  Probe  
  40  3:33  Oracle (Chrono Boost)  
  40  3:34  Pylon  
  43  3:50  Sentry  
  43  3:51  Stalker  
  43  3:54  Shield Battery  
  43  3:55  Gateway  
  47  3:56  Shield Battery  
  47  3:57  Pylon  
  47  4:14  Stalker x2  
  51  4:35  Pylon  
  51  4:40  Stalker x2  
  35  5:01  Stalker  
  37  5:07  Shield Battery, Stalker  
  37  5:09  Stalker  
  39  5:25  Stalker  
  41  5:32  Stalker  
  41  5:49  Stalker  
Show
View Real Time Build Order
Export as new Build Order

SKillous Protoss 

Build Orders:  

Get SALT Encoding   

  12  0:00  Probe  
  13  0:12  Probe  
  14  0:17  Pylon  
  14  0:24  Probe  
  15  0:35  Gateway  
  15  0:36  Probe (Chrono Boost)  
  16  0:46  Probe (Chrono Boost), Assimilator  
  17  0:51  Probe (Chrono Boost)  
  17  0:54  Assimilator  
  18  1:02  Probe (Chrono Boost)  
  19  1:10  Gateway  
  20  1:12  Probe (Chrono Boost)  
  20  1:17  Probe (Chrono Boost)  
  20  1:23  Cybernetics Core  
  21  1:29  Probe  
  22  1:34  Pylon  
  22  1:41  Probe  
  23  2:00  Robotics Facility  
  23  2:01  Warp Gate, Stalker  
  27  2:11  Stalker  
  27  2:15  Pylon  
  27  2:31  Stalker  
  29  2:43  Stalker  
  31  2:45  Immortal (Chrono Boost)  
  34  2:54  Shield Battery  
  34  3:05  Pylon  
  34  3:14  Warp Prism (Chrono Boost)  
  36  3:26  Gateway  
  36  3:50  Observer  
  36  3:51  Stalker x2  
  36  3:55  Pylon  
  41  4:14  Stalker x2  
  45  4:20  Stalker  
  45  4:23  Pylon  
  37  4:44  Stalker  
  30  4:46  Sentry  
  22  5:02  Sentry  
Tags
 
Add a new tag
Caveats
  • Supply blocks, unpowered buildings, or Contaminate may cause inaccurate times.
  • Supply counts are checked every 10 seconds.